BR
WESLACO CHIEFS @ ELKINS STING RAYS
09/17/2026
 
TOP OF THE 1ST
Weslaco Chiefs batting - Pitching for Elkins Sting Rays : RHP Jeff Bergeron
Pitching: RHP Jeff Bergeron
Batting: LHB Alberto Varela 0-0: Bunted foul
0-1: Ball
1-1: Ball
2-1: Ball
3-1: Base on Balls
Batting: RHB Rob Byrd 0-0: Ball
1-0: Ball
Alberto Varela is caught stealing 2nd base
2-0: Fly out, F9 (Flyball, 9M)
Batting: LHB Jeff Forsyth 0-0: Fly out, F7 (Popup, 78S)
Top of the 1st over - 0 run(s), 0 hit(s), 0 error(s), 0 left on base; Weslaco 0 - Elkins 0
BOTTOM OF THE 1ST
Elkins Sting Rays batting - Pitching for Weslaco Chiefs : LHP Sam Olson
Pitching: LHP Sam Olson
Batting: RHB Jorge Paredes 0-0: Ball
1-0: Fly out, F8 (Flyball, 8RM)
Batting: RHB Alfonso Sánchez 0-0: Ball
1-0: Called Strike
1-1: Fly out, F9 (Flyball, 9LM)
Batting: RHB Dennis Mays 0-0: Ball
1-0: Called Strike
1-1: Ground out 6-3 (Groundball, 6)
Bottom of the 1st over - 0 run(s), 0 hit(s), 0 error(s), 0 left on base; Weslaco 0 - Elkins 0
TOP OF THE 2ND
Weslaco Chiefs batting - Pitching for Elkins Sting Rays : RHP Jeff Bergeron
Batting: LHB Ralph Cobb 0-0: Ball
1-0: Reached on Error, E7 (Flyball, 7M)
Batting: RHB António Martínez 0-0: Ball
1-0: Swinging Strike
1-1: Foul Ball, location: 2F
1-2: Ball
2-2: Foul Ball, location: 2F
2-2: Grounds into double play, 6-4-3 (Groundball, 6M)
Batting: RHB Jorge Longoria 0-0: Fly out, F8 (Flyball, 8LM)
Top of the 2nd over - 0 run(s), 0 hit(s), 1 error(s), 0 left on base; Weslaco 0 - Elkins 0
BOTTOM OF THE 2ND
Elkins Sting Rays batting - Pitching for Weslaco Chiefs : LHP Sam Olson
Batting: RHB José Ramos 0-0: Ball
1-0: Swinging Strike
1-1: Ball
2-1: Called Strike
2-2: Strikes out swinging
Batting: SHB Hang-ki Yue 0-0: Called Strike
0-1: SINGLE (Groundball, 6MD)
Batting: RHB Jesús Ruíz 0-0: Ball
1-0: Called Strike
1-1: Swinging Strike
1-2: Ball
2-2: Foul Ball, location: 2F
2-2: Foul Ball, location: 2F
2-2: Foul Ball, location: 2F
2-2: Strikes out swinging
Batting: SHB Rodolphe Dettori 0-0: Ball
1-0: Swinging Strike
1-1: Swinging Strike
1-2: Strikes out swinging
Bottom of the 2nd over - 0 run(s), 1 hit(s), 0 error(s), 1 left on base; Weslaco 0 - Elkins 0
TOP OF THE 3RD
Weslaco Chiefs batting - Pitching for Elkins Sting Rays : RHP Jeff Bergeron
Batting: RHB Toshiki Kokawa 0-0: Called Strike
0-1: DOUBLE (Line Drive, 8RM)
Batting: RHB Carlos Miranda 0-0: Called Strike
0-1: Ball
1-1: SINGLE (Line Drive, 6MD)
Toshiki Kokawa to third
Batting: RHB Ron Newcombe 0-0: Ball
1-0: Fly out, F9 (Line Drive, 9M)
Batting: LHB Alberto Varela 0-0: Ball
1-0: Ball
2-0: Foul Ball, location: 2F
2-1: Foul Ball, location: 2F
2-2: Foul Ball, location: 2F
2-2: SINGLE (Line Drive, 7S)
Toshiki Kokawa scores
Carlos Miranda to second
Batting: RHB Rob Byrd 0-0: Ball
1-0: Grounds into double play, 6-4-3 (Groundball, 6)
Top of the 3rd over - 1 run(s), 3 hit(s), 0 error(s), 1 left on base; Weslaco 1 - Elkins 0
BOTTOM OF THE 3RD
Elkins Sting Rays batting - Pitching for Weslaco Chiefs : LHP Sam Olson
Batting: LHB Ángel Flores 0-0: Called Strike
0-1: Fly out, F8 (Line Drive, 8RM)
Batting: SHB Bryan Long 0-0: Swinging Strike
0-1: Called Strike
0-2: Strikes out swinging
Batting: RHB Jorge Paredes 0-0: Swinging Strike
0-1: Foul Ball, location: 2F
0-2: Ball
1-2: Ball
2-2: Ball
3-2: Strikes out looking
Bottom of the 3rd over - 0 run(s), 0 hit(s), 0 error(s), 0 left on base; Weslaco 1 - Elkins 0
TOP OF THE 4TH
Weslaco Chiefs batting - Pitching for Elkins Sting Rays : RHP Jeff Bergeron
Batting: LHB Jeff Forsyth 0-0: Ball
1-0: Ball
2-0: Ground out 4-3 (Groundball, 4)
Batting: LHB Ralph Cobb 0-0: Ball
1-0: Foul Ball, location: 2F
1-1: SINGLE (Groundball, 56S)
Batting: RHB António Martínez 0-0: Ball
1-0: Fly out, F9 (Flyball, 9M)
Batting: RHB Jorge Longoria 0-0: Foul Ball, location: 2F
0-1: Ball
1-1: Swinging Strike
1-2: Ball
2-2: SINGLE (Groundball, 6)
Ralph Cobb to second
Ralph Cobb to third
Batting: RHB Toshiki Kokawa 0-0: Ball
1-0: Fly out, F9 (Flyball, 9M)
Top of the 4th over - 0 run(s), 2 hit(s), 0 error(s), 2 left on base; Weslaco 1 - Elkins 0
BOTTOM OF THE 4TH
Elkins Sting Rays batting - Pitching for Weslaco Chiefs : LHP Sam Olson
Batting: RHB Alfonso Sánchez 0-0: Foul Ball, location: 2F
0-1: Ground out 5-3 (Groundball, 5S)
Batting: RHB Dennis Mays 0-0: Ball
1-0: SINGLE (Groundball, 56) (infield hit)
Batting: RHB José Ramos 0-0: Called Strike
0-1: SINGLE (Flyball, 78S)
Dennis Mays to second
Batting: SHB Hang-ki Yue 0-0: Called Strike
0-1: Ball
1-1: Ball
2-1: Ground out 4-3 (Groundball, 4M)
Dennis Mays to third
José Ramos to second
Batting: RHB Jesús Ruíz 0-0: Ball
1-0: Foul Ball, location: 2F
1-1: Ball
2-1: Foul Ball, location: 2F
2-2: Ball
3-2: Foul Ball, location: 2F
3-2: Foul Ball, location: 2F
3-2: Strikes out swinging
Bottom of the 4th over - 0 run(s), 2 hit(s), 0 error(s), 2 left on base; Weslaco 1 - Elkins 0
TOP OF THE 5TH
Weslaco Chiefs batting - Pitching for Elkins Sting Rays : RHP Jeff Bergeron
Batting: RHB Carlos Miranda 0-0: Ball
1-0: Called Strike
1-1: Ball
2-1: Foul Ball, location: 2F
Single, Error in OF, E9, batter to second base
Batting: RHB Ron Newcombe 0-0: Swinging Strike
0-1: Foul Ball, location: 2F
0-2: SINGLE (Groundball, 6MS)
Carlos Miranda to third
Runner from 3rd tries for Home, SAFE, throw made home
Ron Newcombe to second
Batting: LHB Alberto Varela 0-0: Fly out, F8 (Line Drive, 8LM)
Batting: RHB Rob Byrd 0-0: Called Strike
0-1: Swinging Strike
0-2: Ball
1-2: Strikes out swinging
Batting: LHB Jeff Forsyth 0-0: Called Strike
0-1: Foul Ball, location: 2F
0-2: Foul Ball, location: 2F
0-2: Hit by Pitch
Batting: LHB Ralph Cobb 0-0: Ground out 4-3 (Groundball, 4)
Top of the 5th over - 1 run(s), 2 hit(s), 1 error(s), 2 left on base; Weslaco 2 - Elkins 0
BOTTOM OF THE 5TH
Elkins Sting Rays batting - Pitching for Weslaco Chiefs : LHP Sam Olson
Batting: SHB Rodolphe Dettori 0-0: SINGLE (Flyball, 89S)
Batting: LHB Ángel Flores 0-0: Foul Ball, location: 2F
0-1: Fly out, F8 (Flyball, 8LM)
Batting: SHB Bryan Long Pickoff Throw to First - Out!
0-0: Ball
1-0: Called Strike
1-1: Ground out 5-3 (Groundball, 5)
Bottom of the 5th over - 0 run(s), 1 hit(s), 0 error(s), 0 left on base; Weslaco 2 - Elkins 0
TOP OF THE 6TH
Weslaco Chiefs batting - Pitching for Elkins Sting Rays : RHP Jeff Bergeron
Batting: RHB António Martínez 0-0: Ball
1-0: Foul Ball, location: 2F
1-1: Ball
2-1: Ball
3-1: SOLO HOME RUN (Line Drive, 7D), Distance : 385 ft
Batting: RHB Jorge Longoria 0-0: Ball
1-0: Foul Ball, location: 2F
1-1: Ball
2-1: Foul Ball, location: 2F
2-2: Foul Ball, location: 2F
2-2: Foul Ball, location: 2F
2-2: Ball
3-2: SINGLE (Flyball, 78M)
Batting: RHB Toshiki Kokawa 0-0: Ball
1-0: Called Strike
1-1: Ball
2-1: Called Strike
2-2: Ball
3-2: SINGLE (Line Drive, 56D)
Jorge Longoria to second
Jorge Longoria to third
Batting: RHB Carlos Miranda 0-0: Ball
1-0: Called Strike
1-1: Foul Ball, location: 2F
1-2: SINGLE (Groundball, 6MD)
Jorge Longoria scores
Toshiki Kokawa to second
Batting: RHB Ron Newcombe 0-0: Ball
1-0: Called Strike
1-1: Foul Ball, location: 2F
1-2: 3-RUN HOME RUN (Line Drive, 7D), Distance : 407 ft
Batting: LHB Alberto Varela 0-0: Ball
1-0: Swinging Strike
1-1: Ball
2-1: SINGLE (Groundball, 56D)
Batting: RHB Rob Byrd 0-0: Ball
1-0: Ball
Wild Pitch!
Alberto Varela to second
2-0: Called Strike
2-1: SINGLE (Line Drive, 6M)
Alberto Varela to third
Pitching: RHP Juan González
Batting: LHB Jeff Forsyth 0-0: Ball
1-0: Fly out, F8 (Flyball, 8LD)
Runner from 3rd tags up, SCORES, no throw
Batting: LHB Ralph Cobb 0-0: Ball
1-0: Fielders Choice at 2nd, 5-4 (Groundball, 56)
Batting: RHB António Martínez 0-0: Swinging Strike
0-1: Ball
1-1: Ball
2-1: Ball
3-1: Base on Balls
Ralph Cobb to second
Batting: RHB Jorge Longoria 0-0: Called Strike
0-1: Called Strike
0-2: Ball
1-2: Fielders Choice at 2nd, 6-4 (Groundball, 6)
Top of the 6th over - 6 run(s), 7 hit(s), 0 error(s), 1 left on base; Weslaco 8 - Elkins 0
BOTTOM OF THE 6TH
Elkins Sting Rays batting - Pitching for Weslaco Chiefs : LHP Sam Olson
Batting: RHB Jorge Paredes 0-0: Ball
1-0: Called Strike
1-1: Called Strike
1-2: Ball
2-2: Ground out 4-3 (Groundball, 4M)
Batting: RHB Alfonso Sánchez 0-0: Ball
1-0: Foul Ball, location: 2F
1-1: Foul Ball, location: 2F
1-2: Strikes out swinging
Batting: RHB Dennis Mays 0-0: Ball
1-0: Called Strike
1-1: Fly out, F6 (Popup, 6D)
Bottom of the 6th over - 0 run(s), 0 hit(s), 0 error(s), 0 left on base; Weslaco 8 - Elkins 0
TOP OF THE 7TH
Weslaco Chiefs batting - Pitching for Elkins Sting Rays : RHP Juan González
Batting: RHB Toshiki Kokawa 0-0: Ball
1-0: SINGLE (Groundball, 3D)
Batting: RHB Carlos Miranda 0-0: Called Strike
0-1: SINGLE (Flyball, 3D)
Toshiki Kokawa to second
Throwing error, E9
Toshiki Kokawa scores
Carlos Miranda to second
Batting: RHB Ron Newcombe 0-0: Ball
1-0: Fly out, F3 (Popup, 3DF)
Batting: LHB Alberto Varela 0-0: Ball
1-0: Foul Ball, location: 2F
1-1: Swinging Strike
1-2: SINGLE (Line Drive, 89S)
Carlos Miranda to third
Batting: RHB Rob Byrd 0-0: Ball
1-0: Swinging Strike
1-1: Fielders Choice at 2nd, 5-4 (Groundball, 5)
Carlos Miranda scores
Batting: LHB Jeff Forsyth 0-0: Swinging Strike
0-1: Ball
1-1: Foul Ball, location: 2F
1-2: Ball
2-2: Ball
3-2: Foul Ball, location: 2F
3-2: 2-RUN HOME RUN (Flyball, 8LXD), Distance : 433 ft
Batting: LHB Ralph Cobb 0-0: Swinging Strike
0-1: Ball
1-1: Foul Ball, location: 2F
1-2: Foul Ball, location: 2F
1-2: Ground out U3 (Groundball, 3)
Top of the 7th over - 4 run(s), 4 hit(s), 1 error(s), 0 left on base; Weslaco 12 - Elkins 0
BOTTOM OF THE 7TH
Elkins Sting Rays batting - Pitching for Weslaco Chiefs : LHP Sam Olson
Batting: RHB José Ramos 0-0: Ground out 5-3 (Groundball, 56)
Batting: SHB Hang-ki Yue 0-0: Foul Ball, location: 2F
0-1: Ball
1-1: Foul Ball, location: 2F
1-2: Foul Ball, location: 2F
1-2: Strikes out swinging
Batting: RHB Jesús Ruíz 0-0: Ball
1-0: Called Strike
1-1: Swinging Strike
1-2: Strikes out swinging
Bottom of the 7th over - 0 run(s), 0 hit(s), 0 error(s), 0 left on base; Weslaco 12 - Elkins 0
TOP OF THE 8TH
Weslaco Chiefs batting - Pitching for Elkins Sting Rays : RHP Juan González
Batting: RHB António Martínez 0-0: Ball
1-0: SINGLE (Popup, 6D)
Batting: RHB Jorge Longoria 0-0: Ball
Wild Pitch!
António Martínez to second
1-0: Foul Ball, location: 2F
1-1: Ball
2-1: Ground out 1-3 (Groundball, 23)
António Martínez to third
Batting: RHB Toshiki Kokawa 0-0: SINGLE (Flyball, 8RS)
António Martínez scores
Batting: RHB Carlos Miranda 0-0: Ball
1-0: SINGLE (Line Drive, 6MD)
Toshiki Kokawa to second
Batting: RHB Ron Newcombe 0-0: Reached on error, E1 (Groundball, 13S)
Toshiki Kokawa to third
Carlos Miranda to second
Batting: LHB Alberto Varela Balk!
Toshiki Kokawa scores
Carlos Miranda to third
Ron Newcombe to second
0-0: Ball
1-0: Called Strike
1-1: Ball
2-1: Foul Ball, location: 2F
2-2: Fly out, F8 (Flyball, 8LM)
Runner from 3rd tags up, OUT at HOME
Top of the 8th over - 2 run(s), 3 hit(s), 1 error(s), 1 left on base; Weslaco 14 - Elkins 0
BOTTOM OF THE 8TH
Elkins Sting Rays batting - Pitching for Weslaco Chiefs : LHP Sam Olson
Pitching: LHP William Bazley
Batting: SHB Rodolphe Dettori 0-0: Ball
1-0: Swinging Strike
1-1: SINGLE (Line Drive, 9LS)
Batting: LHB Ángel Flores 0-0: Called Strike
0-1: Swinging Strike
0-2: Strikes out swinging
Batting: SHB Bryan Long 0-0: Called Strike
0-1: Grounds into double play, 4-6-3 (Groundball, 4)
Bottom of the 8th over - 0 run(s), 1 hit(s), 0 error(s), 0 left on base; Weslaco 14 - Elkins 0
TOP OF THE 9TH
Weslaco Chiefs batting - Pitching for Elkins Sting Rays : RHP Juan González
Batting: RHB Rob Byrd 0-0: Called Strike
0-1: Foul Ball, location: 2F
0-2: Foul Ball, location: 2F
0-2: Foul Ball, location: 2F
0-2: Foul Ball, location: 2F
0-2: Foul Ball, location: 2F
0-2: Ball
1-2: Fly out, F3 (Popup, 2R)
Batting: LHB Jeff Forsyth 0-0: Ball
1-0: Swinging Strike
1-1: Ball
2-1: Ground out 4-3 (Groundball, 4)
Batting: LHB Ralph Cobb 0-0: Ball
1-0: Called Strike
1-1: SINGLE (Groundball, 56D)
Batting: RHB António Martínez Balk!
Ralph Cobb to second
0-0: 2-RUN HOME RUN (Flyball, 7D), Distance : 376 ft
Batting: RHB Jorge Longoria 0-0: Called Strike
0-1: Fly out, F3 (Popup, 3DF)
Top of the 9th over - 2 run(s), 2 hit(s), 0 error(s), 0 left on base; Weslaco 16 - Elkins 0
BOTTOM OF THE 9TH
Elkins Sting Rays batting - Pitching for Weslaco Chiefs : LHP William Bazley
Batting: RHB Jorge Paredes 0-0: SINGLE (Groundball, 56D)
Batting: RHB Alfonso Sánchez 0-0: Ball
1-0: SINGLE (Line Drive, 4)
Jorge Paredes to second
Runner from 2nd tries for 3rd, SAFE, throw made to third
Batting: RHB Dennis Mays 0-0: Grounds into double play, 1-4-3 (Groundball, 13)
Batting: RHB José Ramos 0-0: Ball
1-0: Ball
2-0: Called Strike
2-1: Ball
3-1: SINGLE (Groundball, 3L)
Jorge Paredes scores
Batting: SHB Hang-ki Yue 0-0: Ball
1-0: Called Strike
1-1: Ball
2-1: Ball
3-1: Fly out, F7 (Flyball, 78S)
Bottom of the 9th over - 1 run(s), 3 hit(s), 0 error(s), 1 left on base; Weslaco 16 - Elkins 1
Monday, December 5th, 2016 - OOTP Baseball 17.12 Build 75